 Dungeon Crawl Stone Soup version 0.24.0-123-gd5b16e6ec5 (webtiles) character file.

Game seed: 11248676240008723488, levelgen mode: deterministic

287 Norian the Conjurer (level 6, -3/32 HPs)
             Began as a Deep Elf Conjurer on Dec 18, 2019.
             Killed by divine providence
             ... invoked by an orc priest
              (14 damage)
             ... on level 4 of the Dungeon.
             The game lasted 00:06:02 (2888 turns).

Norian the Conjurer (Deep Elf Conjurer)             Turns: 2888, Time: 00:06:03

Health: -3/32      AC:  2    Str:  7    XL:     6   Next: 8%
Magic:  3/16       EV: 15    Int: 20    God:
Gold:   106        SH:  0    Dex: 15    Spells: 11/16 levels left

rFire    . . .     SeeInvis .   t - +0 short sword
rCold    . . .     Gourm    .   (no shield)
rNeg     . . .     Faith    .   a - +0 robe
rPois    .         Spirit   .   (no helmet)
rElec    .         Reflect  .   (no cloak)
rCorr    .         Harm     .   (no gloves)
MR       .....                  (no boots)
Stlth    ++........             (no amulet)
HPRegen  0.10/turn              (no ring)
MPRegen  0.15/turn              (no ring)

@: very slightly contaminated
A: no striking features
a: no special abilities


You were on level 4 of the Dungeon.
You were not hungry.

You visited 1 branch of the dungeon, and saw 5 of its levels.

You collected 106 gold pieces.

Inventory:

Hand Weapons
 t - a +0 short sword (weapon)
Armour
 a - a +0 robe (worn)
 s - a scarf of spirit shield
Jewellery
 o - an uncursed amulet of regeneration {unknown}
 q - an uncursed ring of protection from fire {unknown}
Scrolls
 b - a scroll of blinking {unknown}
 d - a scroll of fear {unknown}
 h - 4 scrolls of identify {unknown}
 j - a scroll of amnesia {unknown}
 l - 4 scrolls of enchant weapon {unknown}
 m - a scroll of noise {unknown}
 n - a scroll of teleportation {unknown}
 p - a scroll of magic mapping {unknown}
 r - a scroll of enchant armour {unknown}
 v - 2 scrolls of fog {unknown}
Potions
 e - 2 potions of berserk rage {unknown}
 f - a potion of cancellation {unknown}
 g - 3 potions of mutation {unknown}
 i - 3 potions of curing {unknown}
 k - a potion of flight {unknown}
 u - a potion of agility {unknown}
 w - 3 potions of resistance {unknown}
 x - 2 potions of heal wounds {unknown}
Comestibles
 c - a chunk of flesh
 z - a ration


   Skills:
 + Level 4.8 Dodging
 - Level 2.4 Stealth
 + Level 5.5 Spellcasting
 + Level 5.8 Conjurations


You had 11 spell levels left.
You knew the following spells:

 Your Spells              Type           Power        Failure   Level  Hunger
a - Magic Dart            Conj           ####         1%          1    None
b - Iskenderun's Mystic   Conj           ####....     10%         4    ####...

Your spell library contained the following spells:

 Spells                   Type           Power        Failure   Level  Hunger
 Searing Ray              Conj           ####..       1%          2    None
 Dazzling Spray           Conj/Hex       ###...       10%         3    ##.....
 Beastly Appendage        Tmut           #.....       11%         1    None
 Sticks to Snakes         Tmut           #.......     17%         2    None
 Spider Form              Tmut/Pois      #.........   32%         3    ##.....
 Force Lance              Conj/Tloc      ###.....     32%         4    ####...
 Fulminant Prism          Conj/Hex       ###.......   32%         4    ####...
 Ice Form                 Ice/Tmut       #.......     73%         4    ####...
 Blade Hands              Tmut           #.........   97%         5    #####..


Dungeon Overview and Level Annotations

Branches:
Dungeon (5/15)
 Temple: D:4-7

Altars:


Message History

Casting: Magic Dart (safe; 1% risk of failure)
Confirm with . or Enter, or press ? or * to list all spells.
Aiming: Iskenderun's Mystic Blast (safe; 10% risk of failure)
Press: ? - help, Shift-Dir - straight line, f/p - orc priest
Aim: an orc priest, wearing a +0 ring mail (lightly wounded)
You miscast Iskenderun's Mystic Blast.
You are very lightly contaminated with residual magic.
Sparks fly from your hands!
Casting: Iskenderun's Mystic Blast (safe; 10% risk of failure)
Confirm with . or Enter, or press ? or * to list all spells.
Aiming: Magic Dart (safe; 1% risk of failure)
Press: ? - help, Shift-Dir - straight line, f/p - orc priest
Aim: an orc priest, wearing a +0 ring mail (lightly wounded)
The magic dart hits the orc priest but does no damage.
The orc priest is lightly wounded.
The orc priest invokes the aid of Beogh against you.
Pain shoots through your body!
The orc priest invokes the aid of Beogh against you.
Beogh smites you!
You die...

#.##...g..# ####.o#.###.##
#.o...#.# #.# #.#####.# #.#
## #.# #.# #.# .# #.#
#r###.# .# #.# #g##..# .#
#.# #.##.## .# #@# #g##.#
.# #.####.### #.##.#
.##########....>...###.##.#
..........######.#.....##.#
.########.# #.########.# .#
#.# #.# #.# †# #.# #.# #.#
.# ###.######.# #.# .#
#..........# #.#


You could see an orc priest.

Vanquished Creatures
  A bullfrog (D:3)
  A howler monkey (D:4)
  3 gnolls (D:4)
  5 adders
  2 oozes (D:2)
  An adder skeleton (D:4)
  4 worms
  3 dart slugs
  4 leopard geckos
  8 orcs
  2 ball pythons (D:3)
  5 giant cockroaches
  5 hobgoblins
  4 jackals (D:1)
  3 kobolds
  A quokka (D:4)
  3 frilled lizards
  4 goblins
  A jackal skeleton (D:3)
  A quokka zombie (D:5)
  10 rats
71 creatures vanquished.

Notes
Turn   | Place    | Note
-------+----------+-------------------------------------------
     0 | D:1      | Norian the Deep Elf Conjurer began the quest for the Orb.
     0 | D:1      | Reached XP level 1. HP: 10/10 MP: 6/6
    77 | D:1      | Reached XP level 2. HP: 3/15 MP: 0/8
   946 | D:2      | Reached XP level 3. HP: 19/19 MP: 6/10
  1568 | D:2      | Reached skill level 5 in Conjurations
  1631 | D:2      | Reached XP level 4. HP: 24/24 MP: 9/12
  1984 | D:3      | Learned a level 4 spell: Iskenderun's Mystic Blast
  2175 | D:3      | Noticed a bullfrog
  2179 | D:3      | Killed a bullfrog
  2179 | D:3      | Reached skill level 5 in Spellcasting
  2179 | D:3      | Reached XP level 5. HP: 25/28 MP: 8/14
  2625 | D:5      | Entered Level 5 of the Dungeon
  2625 | D:5      | Noticed an ogre
  2704 | D:4      | Reached XP level 6. HP: 7/32 MP: 3/16
  2888 | D:4      | Killed from afar by an orc priest

Levels and vault maps discovered:
D:1:      minmay_arrival_stair_chambers, layout_loops_ring
D:2:      layout_loops_corners
D:3:      minmay_wonky_spiral, layout_rooms
D:4:      layout_loops_ring
D:5:      layout_rooms, first_ration

Skill      XL: |  1  2  3  4 |
---------------+-------------+-----
Dodging        | 3 4 |  4.8
Spellcasting   | 4 5 |  5.5
Conjurations   | 5 |  5.8
Stealth        | |  2.4

Action                   |  1- 3 |  4- 6 || total
-------------------------+-------+-------++-------
Melee: Club              |    12 |     3 ||    15
       Short sword       |       |     2 ||     2
 Cast: Magic Dart        |    61 |   101 ||   162
       Iskenderun's Myst |       |     6 ||     6
  Eat: Chunk             |     1 |     3 ||     4
       Ration            |       |     1 ||     1
Armor: Robe              |     4 |     8 ||    12
Dodge: Dodged            |    18 |    34 ||    52
